 Dungeon Crawl Stone Soup version 0.31-a0-841-g038b102fc3 (webtiles) character file.

Game seed: 6864905253908754749

5760 Kurtz the Cleaver (level 10, -14/66 HPs)
             Began as an Octopode Fighter on Sept 27, 2023.
             Was an Elder of Okawaru.
             Demolished by a two-headed ogre
             ... wielding a +0 giant club
              (18 damage)
             ... on level 10 of the Dungeon.
             The game lasted 00:11:45 (10956 turns).

Kurtz the Cleaver (Octopode Fighter)               Turns: 10956, Time: 00:11:46

Health: -14/66     AC:  1    Str: 17    XL:     10   Next: 78%
Magic:  12/12      EV: 14    Int: 11    God:    Okawaru [****..]
Gold:   437        SH:  5    Dex: 14    Spells: 9/9 levels left

rFire   . . .        L - +2 hand axe (freeze)
rCold   . . .        b - +0 buckler
rNeg    . . .        (helmet restricted)
rPois   .            (no amulet)
rElec   .            j - ring of see invisible
rCorr   +            p - ring of resist corrosion
SInv    +            (no ring)
Will    .....        (no ring)
Stlth   +++          (no ring)
HPRegen 0.31/turn    (no ring)
MPRegen 0.13/turn    (no ring)
                     (no ring)

%: no passive effects
@: attractive
A: almost no armour, amphibious, 8 rings, camouflage 1, gelatinous body 1,
(nimble swimmer 1), tentacles
a: Renounce Religion, Heroism, Finesse


You were on level 10 of the Dungeon.
You worshipped Okawaru.
Okawaru was greatly pleased with you.
You visited 2 branches of the dungeon, and saw 11 of its levels.

You collected 437 gold pieces.

Inventory:

Hand Weapons
 a - a +0 war axe
 x - a +2 hand axe of venom
 I - a +1 whip of draining
 L - a +2 hand axe of freezing (weapon)
Missiles
 y - 13 poisoned darts
 D - 5 curare-tipped darts
 K - 2 boomerangs (quivered)
Armour
 b - a +0 buckler (worn)
Jewellery
 j - a ring of see invisible (left tentacle)
 p - a ring of resist corrosion (right tentacle)
 q - a +6 ring of dexterity
 r - a ring of wizardry
 G - a ring of flight
Wands
 w - a wand of polymorph (5)
 A - a wand of digging (9)
 H - a wand of mindburst (5)
Scrolls
 f - 2 scrolls of revelation
 h - 3 scrolls of teleportation
 i - 3 scrolls of blinking
 l - a scroll of enchant armour {unknown}
 m - 3 scrolls of torment {unknown}
 n - a scroll of summoning {unknown}
 s - 2 scrolls of amnesia {unknown}
 z - a scroll of poison {unknown}
 B - a scroll of enchant weapon {unknown}
 F - 2 scrolls of immolation {unknown}
Potions
 c - 2 potions of might
 e - a potion of enlightenment
 g - a potion of ambrosia
 k - 2 potions of heal wounds
 o - 3 potions of degeneration
 t - 3 potions of resistance
 u - 2 potions of lignification
 v - 3 potions of haste
 C - a potion of berserk rage {unknown}
 E - a potion of attraction
 J - a potion of cancellation {unknown}
 M - a potion of curing
 N - 2 potions of magic {unknown}
 O - a potion of mutation {unknown}


   Skills:
 * Level 5.0 Fighting
 - Level 14.0 Axes
 * Level 4.2 Dodging
 - Level 3.4 Stealth
 * Level 4.3 Shields
 - Level 3.3 Invocations


You had 9 spell levels left.
You didn't know any spells.
Your spell library contained the following spells:

 Spells                   Type           Power      Damage    Failure   Level
 Magic Dart               Conj           0%         1d3       41%         1
 Poisonous Vapours        Pois/Air       0%         N/A       56%         2
 Searing Ray              Conj           0%         2d4       56%         2
 Gell's Gravitas          Tloc           0%         N/A       80%         3
 Mephitic Cloud           Conj/Pois/Air  0%         N/A       80%         3
 Teleport Other           Tloc           0%         N/A       80%         3
 Fulminant Prism          Conj/Hex       0%         3d5       99%         4
 Freezing Cloud           Conj/Ice/Air   0%         6-21      100%        5
 Dispersal                Tloc           0%         N/A       100%        6
 Summon Small Mammal      Summ           Unusable   N/A       N/A         1
 Call Canine Familiar     Summ           Unusable   N/A       N/A         3
 Summon Guardian Golem    Hex/Summ       Unusable   N/A       N/A         3

Dungeon Overview and Level Annotations

Branches:
Dungeon (10/15)            Temple (1/1) D:5             Orc (0/2) D:10
   Lair: D:8-11

Altars:
Ashenzari
Cheibriados
Dithmenos
Elyvilon
Fedhas
Gozag
Hepliaklqana
Makhleb
Nemelex Xobeh
Okawaru
Qazlal
Ru
Uskayaw
Vehumet
Xom
Yredelemnul
Zin

Annotations:
D:6 1 exclusion, Dowan
D:7 exclusion: steam dragon
D:9 1 runed translucent door, exclusion: door, Erolcha


Innate Abilities, Weirdness & Mutations

You cannot wear most types of armour.
You are amphibious.
You can wear up to eight rings at the same time.
Your skin changes colour to match your surroundings (Stealth+).
Your rubbery body absorbs attacks. (AC +1, EV +1)
((You are camouflaged when in or above water. (Stealth+)))
You have tentacles for arms and can constrict up to eight enemies at once.


Message History

You squeeze the orc warrior, but do no damage.
The orc warrior is moderately wounded.
You constrict the orc warrior, but do no damage.
The orc warrior misses you.
The orc wizard gestures at you while chanting.
The puff of flame misses you.
You hit the orc warrior. You freeze the orc warrior.
You squeeze the orc warrior, but do no damage.
The orc warrior is moderately wounded.
You constrict the orc warrior.
Unknown command.
You hit the orc warrior but do no damage.
The orc warrior is heavily wounded.
You constrict the orc warrior.
The orc warrior hits you with a +0 battleaxe!
The orc wizard casts a spell at you.
You easily resist.
You slash the orc warrior! You freeze the orc warrior.
You kill the orc warrior!
Okawaru accepts your kill.
The orc wizard points at you and mumbles some strange words.
The magic dart hits you!
Training target 14.0 for Axes reached!
Your Axes skill increases to level 14!
You need to enable at least one skill for training.
A two-headed ogre comes into view. It is wielding two +0 giant clubs.
The orc wizard casts a spell at you.
You are confused.
The two-headed ogre shouts in stereo!
Unknown command.
It was a potion of attraction.
You feel attractive to monsters.
It was a potion of curing.
You feel better.
The orc wizard hits you with a +0 dagger.
The two-headed ogre is attracted toward you.
The two-headed ogre attacks as it pursues you!
The two-headed ogre hits you with a +0 giant club!!
* * * LOW HITPOINT WARNING * * *
The two-headed ogre hits you with a +0 giant club!!
You die...

...........#..............#
###.......................#
###..........#.............
##.<..<....................
#.........................
#..........##...###.......#
........##.##.....#.......#
#........###.>..)..........
.........# #....@).........
....###..#...>#O.....#....#
...## ..#.#...o.....##...#
#.#......## ....
..)ยง....[.# ...
.............. ..
..............# #
.............
#......##....#


You could see a two-headed ogre and an orc wizard.

Vanquished Creatures
  Erica (D:8)
  A deep elf pyromancer (D:9)
  Sigmund (D:2)
  A steam dragon (D:7)
  2 vampire mosquitoes (D:10)
  2 water moccasins
  4 orc warriors
  3 black bears
  A sky beast (D:7)
  2 ice beasts (D:6)
  3 centaurs
  2 phantoms
  A kobold brigand (D:8)
  3 bullfrogs
  2 scorpions
  15 wights
  9 killer bees
  5 howler monkeys
  A jelly (D:7)
  2 hounds
  7 orc priests
  A gnoll bouda (D:4)
  A sleepcap (D:8)
  Jessica (D:2)
  7 orc wizards
  6 iguanas
  5 gnolls (D:4)
  5 adders
  2 shadow imps
  2 white imps
  2 ufetubi
  A worm (D:3)
  A dart slug (D:9)
  30 orcs
  6 bats
  5 endoplasms
  3 giant cockroaches
  2 goblins
  4 hobgoblins
  9 jackals
  25 kobolds
  A quokka (D:1)
  8 ball pythons
  4 frilled lizards
  A rat (D:3)
200 creatures vanquished.

Notes
Turn   | Place    | Note
-------+----------+-------------------------------------------
     0 | D:1      | Kurtz the Octopode Fighter began the quest for the Orb.
     0 | D:1      | Reached XP level 1. HP: 16/16 MP: 1/1
   292 | D:1      | Reached XP level 2. HP: 17/21 MP: 2/2
   715 | D:2      | Reached skill level 3 in Axes
   851 | D:2      | Reached XP level 3. HP: 26/26 MP: 3/3
  1207 | D:2      | Noticed Sigmund
  1214 | D:2      | Killed Sigmund
  1215 | D:2      | Reached skill level 5 in Axes
  1215 | D:2      | Reached XP level 4. HP: 17/31 MP: 4/4
  1215 | D:2      | Reached XP level 5. HP: 20/36 MP: 5/5
  1373 | D:2      | Noticed Jessica
  1376 | D:2      | Killed Jessica
  1377 | D:2      | Reached skill level 6 in Axes
  1477 | D:2      | Reached XP level 6. HP: 32/42 MP: 6/6
  2475 | D:3      | Found a hide-covered altar of Uskayaw.
  2915 | D:4      | Reached skill level 7 in Axes
  3064 | D:4      | Reached XP level 7. HP: 36/46 MP: 7/7
  3609 | D:5      | Entered Level 5 of the Dungeon
  3668 | D:5      | Reached skill level 8 in Axes
  4122 | D:5      | Found a staircase to the Ecumenical Temple.
  4132 | Temple   | Entered the Ecumenical Temple
  4141 | Temple   | Became a worshipper of Warmaster Okawaru
  4180 | D:5      | Reached XP level 8. HP: 37/52 MP: 8/8
  4979 | D:6      | Reached skill level 9 in Axes
  4979 | D:6      | Reached skill level 1 in Stealth
  5135 | D:6      | Reached skill level 1 in Invocations
  5197 | D:6      | Noticed Dowan
  5386 | D:6      | Reached * piety under Okawaru
  5644 | D:6      | Reached skill level 10 in Axes
  5870 | D:6      | Reached XP level 9. HP: 47/58 MP: 10/10
  5939 | D:6      | Reached ** piety under Okawaru
  6301 | D:7      | Found a shadowy altar of Dithmenos.
  7046 | D:7      | Found a broken altar of Ashenzari.
  7046 | D:7      | Found a white marble altar of Elyvilon.
  7387 | D:8      | Reached skill level 11 in Axes
  7822 | D:8      | Reached skill level 5 in Fighting
  8306 | D:8      | Reached *** piety under Okawaru
  8511 | D:8      | Noticed Erica
  9173 | D:8      | Reached XP level 10. HP: 56/66 MP: 12/12
  9185 | D:8      | Killed Erica
  9186 | D:8      | Reached skill level 12 in Axes
  9584 | D:9      | Found a snail-covered altar of Cheibriados.
  9820 | D:8      | Reached **** piety under Okawaru
  9954 | D:8      | Reached skill level 13 in Axes
 10138 | D:9      | Found a runed translucent door.
 10140 | D:9      | Noticed a sixfirhy
 10417 | D:9      | Found an opulent altar of Gozag.
 10418 | D:9      | Found a sparkling altar of Nemelex Xobeh.
 10512 | D:9      | Noticed Erolcha
 10541 | D:9      | Found a burning altar of Makhleb.
 10546 | D:9      | Found a glowing silver altar of Zin.
 10546 | D:9      | Noticed an angel
 10546 | D:9      | Noticed a balrug
 10642 | D:9      | Noticed a deep elf pyromancer
 10663 | D:9      | Killed a deep elf pyromancer
 10735 | D:10     | Entered Level 10 of the Dungeon
 10902 | D:10     | Found a blossoming altar of Fedhas.
 10903 | D:10     | Found a shimmering altar of Xom.
 10937 | D:10     | Found a staircase to the Orcish Mines.
 10952 | D:10     | Reached skill level 14 in Axes
 10952 | D:10     | Noticed a two-headed ogre
 10956 | D:10     | Demolished by a two-headed ogre

Illustrated notes

Levels and vault maps discovered:
D:1:      nzn_arrival_water_spiral, layout_loops_ring, minmay_crystal_room
D:2:      mumra_celtic_spiral_tile, layout_loops_ring, uniq_jessica,
          uniq_sigmund
D:3:      layout_basic, eat_drink_and_be_merry_uskayaw, st_stairs_7
D:4:      layout_basic
D:5:      layout_cave_pods, temple_fountains, serial_column_ruins,
          column_ruins_grid_5, column_ruins_hut, column_ruins_open_tiny,
          column_ruins_columns_straight, column_ruins_open_small,
          column_ruins_corridor_straight, column_ruins_corridor_water,
          column_ruins_grid_3, grunt_ministairs_14, serial_park_tiny_2
D:6:      layout_basic, uniq_duvessa
D:7:      layout_basic, lemuel_doored_altar, amethyst_overflow_temple_binary
D:8:      kennysheep_kobold_camp, layout_basic, uniq_erica
D:9:      cheibrodos_shockbox, layout_gridville,
          grunt_temple_overflow_order_and_chaos_2,
          grunt_temple_overflow_opulence, kennysheep_slug_shrine,
          guppyfry_early_elven_hall, uniq_erolcha
D:10:     layout_cave_pools, grunt_temple_overflow_open, lair_entry_dummy,
          orc_0_dummy
Temple:   hellmonk_temple_rainy

Skill      XL: |  1  2  3  4  5  6  7  8  9 10 |
---------------+-------------------------------+-----
Axes           | 3 5 6 7 8 10 11 14 | 14.0
Stealth        | 2 3 |  3.4
Invocations    | 2 3 |  3.3
Fighting       | 4 5 |  5.0
Shields        | 4 |  4.3
Dodging        | 4 |  4.2

Action                     |  1- 3 |  4- 6 |  7- 9 | 10-12 || total
---------------------------+-------+-------+-------+-------++-------
  Melee: War axe           |    47 |    65 |     5 |       ||   117
         Tentacles         |     8 |    13 |    68 |    56 ||   145
         Constrict         |    12 |    17 |    58 |    34 ||   121
         Punch             |       |     2 |     7 |     4 ||    13
         Hand axe          |       |       |   244 |   156 ||   400
  Throw: Dart              |       |       |     3 |       ||     3
         Boomerang         |       |       |       |    28 ||    28
 Invoke: Heroism           |       |       |     1 |     2 ||     3
  Evoke: Wand              |       |       |    11 |       ||    11
    Use: Potion            |       |     1 |       |     3 ||     4
         Scroll            |       |       |       |    10 ||    10
   Stab: Sleeping          |     2 |     4 |     7 |     1 ||    14
         Distracted        |       |     1 |     1 |       ||     2
 Armour: Skin              |    22 |    31 |    95 |    34 ||   182
  Dodge: Dodged            |    31 |    43 |   120 |    59 ||   253
  Block: Buckler           |    12 |     6 |    41 |    19 ||    78

Table legend: (Time is in decaauts)
 A = Elapsed time spent in this place.
 B = Non-inter-level travel time spent in this place.
 C = Inter-level travel time spent in this place.
 D = Time resting spent in this place.
 E = Time spent auto-exploring this place.
 F = Levels seen in this place.
 G = Mean time per level.
                   A        B        C        D        E       F      G
               +--------+--------+--------+--------+--------+-----+--------+
         Total |  10916 |  10075 |    841 |   2282 |   6219 |  11 |  992.4 |
       Dungeon |  10897 |  10065 |    832 |   2282 |   6219 |  10 | 1089.7 |
        Temple |     18 |      9 |      9 |      0 |      0 |   1 |   18.0 |
               +--------+--------+--------+--------+--------+-----+--------+

Top non-repeatable levels by time:
     D:8: 2129 daAuts
     D:6: 1483 daAuts
     D:7: 1227 daAuts
     D:5: 1224 daAuts
     D:2: 1179 daAuts
     D:4: 1017 daAuts
     D:3: 957 daAuts
     D:9: 788 daAuts
     D:1: 686 daAuts
    D:10: 203 daAuts
  Temple: 18 daAuts
